 Dungeon Crawl Stone Soup version 0.15-a0-1115-g12a312a (console) character file.

822 gw the Basher (level 7, -10/72 HPs)
             Began as an Ogre Gladiator on May 28, 2014.
             Mangled by gw's ghost (33 damage)
             ... on Level 5 of the Dungeon.
             The game lasted 00:05:32 (7332 turns).

gw the Basher (Ogre Gladiator)                      Turns: 7332, Time: 00:05:32

HP -10/72        AC  5     Str 21      XL: 7   Next: 95%
MP   7/7         EV 11     Int  7      God:
Gold 0           SH  0     Dex 12      Spells:  0 memorised,  6 levels left

rFire  . . .     SeeInvis .     e - +0 giant spiked club
rCold  . . .     Clarity  .     b - +0 animal skin
rNeg   . . .     Conserve .     (shield restricted)
rPois  .         rCorr    .     c - +0 hat
rElec  .         rRot     .     m - +1 cloak
SustAb .         Spirit   .     (gloves unavailable)
rMut   .         Warding  .     (boots unavailable)
Gourm  .         Stasis   .     (no amulet)
MR     .....                    (no ring)
                                (no ring)

@: not resistant to hostile enchantments, very unstealthy
A: unfitting armour, tough skin 1
a: no special abilities


You were on level 5 of the Dungeon.
You were not hungry.

You visited 1 branch of the dungeon, and saw 5 of its levels.

Inventory:

Hand weapons
 e - a +0,+0 giant spiked club (weapon)
Missiles
 j - 13 stones (quivered)
 n - 5 javelins
 o - 26 darts
 p - 4 tomahawks
 s - 4 steel darts
Armour
 b - a +0 animal skin (worn)
 c - a +0 hat (worn)
 m - a +1 cloak (worn)
Comestibles
 h - a beef jerky
 i - a slice of pizza
 k - 2 bread rations
 l - 2 meat rations
Scrolls
 d - 4 scrolls of identify
 g - 7 scrolls of remove curse
 q - a scroll of enchant armour
 r - 2 scrolls of enchant weapon II {unknown}
Potions
 f - 2 potions of restore abilities


   Skills:
 + Level 5.4 Fighting
 * Level 8.3 Maces & Flails
 + Level 4.9 Throwing
 + Level 4.2 Dodging


You had 6 spell levels left.
You didn't know any spells.

Dungeon Overview and Level Annotations

Branches:
Dungeon (5/15)
 Temple: D:4-7

Altars:
Ashenzari
Elyvilon
Kikubaaqudgha
Okawaru
Xom

Shops:
D:5 }

Annotations:
D:3 Sigmund
D:5 gw's ghost, experienced OgBe


Innate Abilities, Weirdness & Mutations

You are too large for most types of armour.
You have tough skin (AC +1).


Message History

MOVING TO (1,1) MOVING TO (8,8) MOVING TO (7,8) Gw's ghost hits you!
MOVING TO (6,8) MOVING TO (5,8) Gw's ghost hits you!!!
Ouch! That really hurt!
MOVING TO (4,8)
There is an open door here.
MOVING TO (3,7) MOVING TO (3,6) MOVING TO (3,5) MOVING TO (3,4) MOVING TO (3,3) FLEEEEING!
ATTACKING (0,-1)
You hit gw's ghost but do no damage. Gw's ghost hits you!!
You die...

.................................
.########............###########
#............# #.#####'#....#
#.#.....'....# #.#.....#....#
#.#.....#....# #>#....W#....#
#.#....O#....# #.#######....#
......?.....#
...........###########
......................
.......................
###..................
#.........##'######
#....####.#........


You could see gw's ghost.

Table legend:
 A = Turns spent in this place as a percentage of turns spent in the entire game.
 B = Non-inter-level travel turns spent in this place as a percentage of non-inter-level travel turns spent in the entire game.
 C = Inter-level travel turns spent in this place as a percentage of turns spent in this place.
 D = Turns resting spent in this place as a percentage of non-inter-level travel turns spent in this place.
 E = Turns spent auto-exploring this place as a percentage of non-inter-level travel turns spent in this place.
 F = Non-inter-level travel turns spent in this place divided by the number of levels of this place that you've seen.
                   A       B       C       D       E      F
               +-------+-------+-------+-------+-------+----------------------
         Total | 100.0 | 100.0 |   1.7 |   5.0 |   9.6 | 472.6
       Dungeon | 100.0 | 100.0 |   1.7 |   5.0 |   9.6 | 472.6
               +-------+-------+-------+-------+-------+----------------------

Table legend:
 A = Kills in this place as a percentage of kills in entire the game.
 B = Kills by you in this place as a percentage of kills by you in the entire game.
 C = Kills by friends in this place as a percentage of kills by friends in the entire game.
 D = Other kills in this place as a percentage of other kills in the entire game.
 E = Experience gained in this place as a percentage of experience gained in the entire game.
 F = Experience gained in this place divided by the number of levels of this place that you have seen.
                   A       B       C       D       E      F
               +-------+-------+-------+-------+-------+----------------------
         Total | 100.0 | 100.0 |  -nan |  -nan | 100.0 | 235.0
       Dungeon | 100.0 | 100.0 |  -nan |  -nan | 100.0 | 235.0
               +-------+-------+-------+-------+-------+----------------------

Vanquished Creatures
  Eustachio (D:4)
  An ogre (D:4)
  2 scorpions
  2 crimson imps
  A hound (D:4)
  2 orc priests
  Natasha (twice) (D:3)
  3 worker ants
  9 adders
  3 giant mites
  2 worms
  An adder skeleton (D:5)
  4 oozes
  14 orcs
  12 bats
  4 giant cockroaches
  14 goblins
  9 hobgoblins
  12 kobolds
  2 quokkas
  A ball python (D:3)
  4 giant geckos
  4 giant newts
  A hobgoblin skeleton (D:4)
  3 jackals (D:1)
  7 rats
  A bush (D:3)
121 creatures vanquished.

Notes
Turn   | Place    | Note
--------------------------------------------------------------
     0 | D:1      | gw, the Ogre Gladiator, began the quest for the Orb.
     0 | D:1      | Reached XP level 1. HP: 22/22 MP: 1/1
   735 | D:1      | Reached XP level 2. HP: 29/29 MP: 2/2
  1473 | D:2      | Reached XP level 3. HP: 19/37 MP: 3/3
  2694 | D:3      | Reached skill level 5 in Maces & Flails
  2694 | D:3      | Reached XP level 4. HP: 41/45 MP: 4/4
  2956 | D:3      | Found an ancient bone altar of Kikubaaqudgha.
  3023 | D:3      | Found a white marble altar of Elyvilon.
  3348 | D:3      | Reached XP level 5. HP: 14/53 MP: 5/5
  3497 | D:3      | Noticed Sigmund
  3969 | D:3      | Found a shimmering altar of Xom.
  4042 | D:3      | Reached skill level 6 in Maces & Flails
  4127 | D:3      | Noticed Natasha
  4139 | D:3      | Killed Natasha
  4165 | D:3      | Noticed Natasha
  4171 | D:3      | Killed Natasha
  4231 | D:3      | Reached XP level 6. HP: 57/62 MP: 6/6
  4600 | D:3      | Found a shimmering altar of Xom.
  4601 | D:3      | Found a shimmering altar of Xom.
  5355 | D:3      | Reached skill level 7 in Maces & Flails
  5759 | D:4      | Reached XP level 7. HP: 7/71 MP: 7/7
  6692 | D:4      | Reached skill level 5 in Fighting
  6804 | D:4      | Found an iron altar of Okawaru.
  6813 | D:4      | Noticed Eustachio
  6828 | D:4      | Killed Eustachio
  6828 | D:4      | Reached skill level 8 in Maces & Flails
  6888 | D:4      | Found a shattered altar of Ashenzari.
  6999 | D:5      | Entered Level 5 of the Dungeon
  7138 | D:5      | Found Psiof's Gadget Boutique.
  7300 | D:5      | Noticed gw's ghost (experienced OgBe)
  7332 | D:5      | Mangled by gw's ghost

Action                   |  1- 3 |  4- 6 |  7- 9 || total
-------------------------+-------+-------+-------++-------
Melee: Flail             |    75 |   209 |     8 ||   292
       Giant spiked club |       |       |    53 ||    53
Throw: Throwing net      |    51 |     8 |       ||    59
       Tomahawk          |    30 |    19 |       ||    49
       Stone             |    22 |    97 |    50 ||   169
       Javelin           |       |     1 |       ||     1
       Dart              |       |     3 |    17 ||    20
  Use: Scroll            |     8 |     3 |     2 ||    13
       Potion            |     4 |     2 |       ||     6

Vault maps used:
D:1:      lightli_arrival_flooded_house, serial_park_tiny_1
D:3:      elyvilon_altar_3, kiku_gazebo_pond_becter, xom_redecorated,
          hangedman_glass_teeth, minmay_hedge_maze, uniq_natasha, uniq_sigmund
D:4:      amethyst_overflow_temple_binary, first_bread, grunt_decor_cap,
          uniq_eustachio
D:5:      serial_shops, shop, tgw_fedhas
